 Dungeon Sprint DCSS version 0.30.0-29-ga12c61a403 (webtiles) character file.

Game seed: 2752986878394271569

15500000 Revguard the Intangible (level 27, -33/228 HPs)
             Began as a Djinni Warper on June 19, 2023.
             Was the Champion of Makhleb.
             Annihilated by a destroyer
             ... wielding a +9 heavy great sword
              (212 damage)
             ... in the Dungeon (Sprint VIII: "Arena of Blood").
             The game lasted 00:16:52 (155 turns).

Revguard the Intangible (Djinni Warper)              Turns: 155, Time: 00:16:53

Health: -33/228    AC:  6    Str: 10    XL:     27
Gold:   0          EV: 32    Int: 21    God:    Makhleb [******] SH:  0 Dex: 21

rFire   + + .        i - +∞ Axe of Woe
rCold   x . .        (shield currently unavailable)
rNeg    . . .        b - +0 leather armour
rPois   ∞            (no helmet)
rElec   .            (no cloak)
rCorr   .            (no gloves)
SInv    .            (boots unavailable)
Will    ++...        (no amulet)
Stlth   ++++         (no ring)
HPRegen 0.58/turn    (no ring)
MPRegen 0.00/turn

%: no teleportation, infuse magic (-34 HP)
@: flying, slowed, very slow
A: sickness immunity, fire resistance 2, cold vulnerability 1, float, innate
caster, HP casting, extra vitality 1
0: Orb of Zot
a: Renounce Religion, Minor Destruction, Lesser Servant of Makhleb, Major
Destruction, Greater Servant of Makhleb


You were in the Dungeon.
You worshipped Makhleb.
Makhleb was exalted by your worship.
You visited 1 branch

Inventory:

Hand Weapons
 a - a +0 hand axe
 i - the +∞ Axe of Woe (weapon)
   (You found it in the Dungeon)
Missiles
 d - 7 boomerangs of dispersal
Armour
 b - a +0 leather armour (worn)
Scrolls
 c - 2 scrolls of blinking
Potions
 e - a potion of curing
 f - a potion of heal wounds
 g - a potion of haste
 h - a potion of berserk rage


   Skills:
 O Level 27 Fighting
 O Level 27 Short Blades
 O Level 27 Long Blades
 O Level 27 Axes
 O Level 27 Maces & Flails
 O Level 27 Polearms
 O Level 27 Staves
 O Level 27 Ranged Weapons
 O Level 27 Throwing
 O Level 27 Armour
 O Level 27 Dodging
 O Level 27 Stealth
 O Level 27 Shields
 O Level 27 Unarmed Combat
 O Level 27 Spellcasting
 O Level 27 Invocations
 O Level 27 Evocations


You knew the following spells:

 Your Spells              Type           Power      Damage    Failure   Level
a - Blink                 Tloc           100%       N/A       0%          2
b - Lesser Beckoning      Tloc           100%       N/A       0%          2
c - Vhi's Electric Charg  Tloc/Air       100%       N/A       0%          3
d - Teleport Other        Tloc           96%        N/A       0%          3
e - Manifold Assault      Tloc           96%        N/A       0%          4
f - Sting                 Tmut/Pois      100%       1d8       0%          1
g - Call Imp              Summ           100%       N/A       0%          2
h - Frozen Ramparts       Ice            100%       1d16      0%          3
i - Ignite Poison         Fire/Tmut/Pois 96%        N/A       0%          3
j - Olgreb's Toxic Radia  Pois           96%        N/A       0%          4
k - Silence               Hex/Air        48%        N/A       0%          5
l - Summon Cactus Giant   Summ           48%        N/A       0%          6
m - Iron Shot             Conj/Erth      48%        9d9       0%          6
n - Conjure Ball Lightni  Conj/Air       48%        3x3d17    0%          6
o - Ozocubu's Refrigerat  Ice            48%        4d18      0%          7
p - Malign Gateway        Summ/Tloc      48%        N/A       0%          7
q - Lehudib's Crystal Sp  Conj/Erth      48%        10d11     1%          8
r - Chain Lightning       Conj/Air       48%        3d64      1%          9
Your spell library was empty.

Dungeon Overview and Level Annotations

Branches:
Dungeon (1/1)

Altars:
Makhleb


Innate Abilities, Weirdness & Mutations

You are immune to sickness and miasma.
You are immune to poison.
Your flesh is very heat resistant. (rF++)
You are vulnerable to cold. (rC-)
You float through the air rather than walking.
You learn spells naturally, not from books.
Your magical power is your life essence.
You have superior vitality. (+4 MHP)


Message History

You hear a shout!
The bag of meat moves out of view.
The eight-headed meat hydra roars!
A fleshlord comes into view. It is wielding a +9 great mace.
Casting: Manifold Assault (safe; 0% risk of failure)
Confirm with . or Enter, or press ? or * to list all spells.
Charge where?
Press: ? - help, Dir - move target, f - large abomination
Aim: a large abomination (flame, summoned, expiring, 100% to hit)
You charge forward with an electric crackle!
You cut the large abomination into ribbons and electrocute it!!!
You chop the large abomination into pieces.
You destroy the large abomination!
The large abomination disappears in a puff of smoke!
You slice the fleshlord!!
You cleave the fleshlord in twain.
You kill the fleshlord!
Makhleb accepts your kill.
You feel better.
You hit something.
You slaughter something joyfully.
Makhleb accepts your kill.
You feel better.
Reactivating autopickup.
You feel a bit more experienced.
The large abomination disappears in a puff of smoke! x2
You hear a shout!
You feel something staring at you. Something smites you!
You hear a shout!
The fleshlord casts a spell at you.
You barely resist.
The fleshlord points at you and mumbles some strange words.
You feel as though you will be slow longer.
A bag of meat comes into view. It is wielding a +9 war axe. x2
The tyrant waves its bony arms in wide circles.
The air twists around and strikes you!!
The dread is engulfed in blazing flames.
The dread hits you! The dread drains your vigour!
You already are as slow as you could be.
The destroyer is engulfed in blazing flames.
The destroyer hits you with a +9 heavy great sword!!!!!
Ouch! That really hurt!
You die...

).D..ooV.°.
.D.)○Mz.. #S))OO
)# .. #...o .o#
..§###.p. O)###o
.))))§))###p))))○
#.)){p{pp_))).o.)
o°)§zp#)§zo)#)..)
.°)°. #_V@W_# )
.§§o #D§o§.# #o.
.X)o.o.X).o
.o.....L###).)...
. .###XL° ).###.
#§o§ ))# #.. ).#
.. .o


You could see 2 tyrants, 2 eight-headed meat hydras, a destroyer, a scourge, 5
fleshlords, a sculptor of flesh, a large bag of meat (inner flame), 3 large
abominations, a dread and 10 bags of meat.

Vanquished Creatures
  Dispater (D)
  16 hell knights (D)
  18 hell beasts (D)
  Edmund (D)
  9 royal mummies (D)
  15 great orbs of eyes (D)
  13 wraiths (D)
  Harold (D)
  19 vampire knights (D)
  53 ogres (D)
  11 two-headed ogres (D)
  6 liches (D)
  11 hydras (D)
  9 phantoms (D)
  93 orcs (D)
  6 skeletal warriors (D)
  11 sea snakes (D)
293 creatures vanquished.

Vanquished Creatures (collateral kills)
  A ball lightning (D)
1 creature vanquished.

Vanquished Creatures (others)
  Sigmund (D)
  4 two-headed ogres (D)
  5 orcs (D)
  6 eldritch tentacles (D)
  A ball lightning (D)
17 creatures vanquished.

Grand Total: 311 creatures vanquished

Notes
Turn   | Place    | Note
-------+----------+-------------------------------------------
     0 | D        | Found the +∞ Axe of Woe
     0 | D        | Revguard the Djinni Warper began the quest for the Orb.
     0 | D        | Revguard set off with the following spells memorised:
                  | Blink, Lesser Beckoning, Vhi's Electric Charge, Teleport
                  | Other, Manifold Assault.
     0 | D        | Reached XP level 1. HP: 18/18 MP: 0/0
     1 | D        | Noticed a meat berserker
     1 | D        | Noticed a bag of meat
     3 | D        | Became a worshipper of Makhleb the Destroyer
     6 | D        | Killed a meat berserker
     7 | D        | Reached skill level 10 in Axes
     7 | D        | Reached skill level 10 in Spellcasting
     7 | D        | Reached XP level 2. HP: 39/39 MP: 0/0
     7 | D        | Reached XP level 3. HP: 44/44 MP: 0/0
     7 | D        | Learned a level 1 spell: Sting
     7 | D        | Reached XP level 4. HP: 50/50 MP: 0/0
     7 | D        | Reached XP level 5. HP: 56/56 MP: 0/0
     7 | D        | Learned a level 2 spell: Call Imp
     7 | D        | Reached XP level 6. HP: 62/62 MP: 0/0
     7 | D        | Reached XP level 7. HP: 67/67 MP: 0/0
     7 | D        | Learned a level 3 spell: Frozen Ramparts
     7 | D        | Reached XP level 8. HP: 74/74 MP: 0/0
     7 | D        | Reached XP level 9. HP: 79/79 MP: 0/0
     7 | D        | Learned a level 3 spell: Ignite Poison
     7 | D        | Reached XP level 10. HP: 85/85 MP: 0/0
     7 | D        | Reached XP level 11. HP: 90/90 MP: 0/0
     7 | D        | Learned a level 4 spell: Olgreb's Toxic Radiance
     7 | D        | Reached XP level 12. HP: 96/96 MP: 0/0
     8 | D        | Noticed a bag of meat
    10 | D        | Noticed a meat berserker
    12 | D        | Killed a bag of meat
    12 | D        | Reached * piety under Makhleb
    13 | D        | Reached XP level 13. HP: 104/104 MP: 0/0
    13 | D        | Learned a level 5 spell: Silence
    13 | D        | Noticed a bag of meat
    14 | D        | Killed a meat berserker
    15 | D        | Reached skill level 15 in Fighting
    15 | D        | Reached skill level 15 in Armour
    15 | D        | Reached skill level 15 in Invocations
    15 | D        | Reached XP level 14. HP: 114/114 MP: 0/0
    15 | D        | Killed a bag of meat
    17 | D        | Noticed a meat berserker
    22 | D        | Killed a meat berserker
    22 | D        | Reached ** piety under Makhleb
    23 | D        | Reached XP level 15. HP: 68/124 MP: 0/0
    23 | D        | Learned a level 6 spell: Summon Cactus Giant
    23 | D        | Noticed a meat berserker
    24 | D        | Noticed a large bag of meat
    25 | D        | Killed a large bag of meat
    25 | D        | Killed a meat berserker
    25 | D        | Noticed a meat berserker
    26 | D        | Reached skill level 15 in Spellcasting
    26 | D        | Reached XP level 16. HP: 65/135 MP: 0/0
    26 | D        | Killed a meat berserker
    26 | D        | Reached *** piety under Makhleb
    26 | D        | Noticed a large bag of meat
    28 | D        | Killed a large bag of meat
    28 | D        | Noticed an eight-headed meat hydra
    29 | D        | Reached XP level 17. HP: 145/145 MP: 0/0
    29 | D        | Learned a level 6 spell: Iron Shot
    29 | D        | Noticed a meat berserker
    29 | D        | Noticed a meat berserker
    30 | D        | Killed a meat berserker
    30 | D        | Killed a nine-headed meat hydra
    30 | D        | Reached **** piety under Makhleb
    30 | D        | Killed a meat berserker
    30 | D        | Noticed a meat berserker
    30 | D        | Noticed a meat berserker
    31 | D        | Reached XP level 18. HP: 157/157 MP: 0/0
    31 | D        | Killed a meat berserker
    31 | D        | Reached ***** piety under Makhleb
    31 | D        | Killed a meat berserker
    32 | D        | Noticed a large bag of meat
    35 | D        | Noticed a destroyer
    35 | D        | Killed a large bag of meat
    35 | D        | Killed a destroyer
    36 | D        | Reached skill level 27 in Dodging
    36 | D        | Reached XP level 19. HP: 171/171 MP: 0/0
    36 | D        | Learned a level 6 spell: Conjure Ball Lightning
    36 | D        | Noticed a meat berserker
    36 | D        | Noticed a meat berserker
    37 | D        | Killed a meat berserker
    37 | D        | Killed a meat berserker
    38 | D        | Reached skill level 27 in Fighting
    38 | D        | Reached skill level 27 in Armour
    38 | D        | Reached skill level 27 in Invocations
    38 | D        | Reached XP level 20. HP: 181/181 MP: 0/0
    38 | D        | Noticed a meat berserker
    39 | D        | Noticed a meat berserker
    40 | D        | Killed a meat berserker
    40 | D        | Killed a meat berserker
    40 | D        | Reached ****** piety under Makhleb
    41 | D        | Reached skill level 27 in Axes
    41 | D        | Noticed a meat berserker
    42 | D        | Killed a meat berserker
    43 | D        | Reached skill level 27 in Spellcasting
    43 | D        | Reached XP level 21. HP: 187/187 MP: 0/0
    43 | D        | Learned a level 7 spell: Ozocubu's Refrigeration
    44 | D        | Reached skill level 5 in Short Blades
    44 | D        | Reached skill level 5 in Long Blades
    44 | D        | Reached skill level 5 in Staves
    44 | D        | Reached skill level 5 in Stealth
    44 | D        | Reached skill level 5 in Shields
    44 | D        | Reached skill level 5 in Unarmed Combat
    44 | D        | Reached skill level 5 in Evocations
    44 | D        | Noticed a meat berserker
    45 | D        | Killed a meat berserker
    46 | D        | Noticed an accursed
    46 | D        | Killed an accursed
    47 | D        | Reached skill level 10 in Shields
    47 | D        | Reached skill level 10 in Unarmed Combat
    47 | D        | Reached skill level 10 in Evocations
    47 | D        | Reached XP level 22. HP: 169/194 MP: 0/0
    50 | D        | Noticed a tyrant
    50 | D        | Killed a tyrant
    51 | D        | Reached skill level 10 in Short Blades
    51 | D        | Reached skill level 10 in Long Blades
    51 | D        | Reached skill level 10 in Staves
    51 | D        | Reached skill level 10 in Stealth
    60 | D        | Noticed a destroyer
    61 | D        | Killed a destroyer
    62 | D        | Reached skill level 10 in Maces & Flails
    62 | D        | Reached skill level 10 in Polearms
    62 | D        | Reached skill level 10 in Ranged Weapons
    62 | D        | Reached skill level 10 in Throwing
    62 | D        | Noticed a meat berserker
    63 | D        | Noticed a dread
    63 | D        | Killed a dread
    63 | D        | Noticed a destroyer
    64 | D        | Reached XP level 23. HP: 201/201 MP: 0/0
    64 | D        | Learned a level 7 spell: Malign Gateway
    64 | D        | Killed a destroyer
    65 | D        | Reached skill level 15 in Shields
    65 | D        | Reached skill level 15 in Unarmed Combat
    65 | D        | Reached skill level 15 in Evocations
    67 | D        | Noticed a large bag of meat
    68 | D        | Killed a large bag of meat
    68 | D        | Noticed a meat beast
    69 | D        | Reached XP level 24. HP: 208/208 MP: 0/0
    69 | D        | Noticed a destroyer
    69 | D        | Killed a destroyer
    70 | D        | Noticed a meat beast
    70 | D        | Killed a meat beast
    71 | D        | Reached XP level 25. HP: 214/214 MP: 0/0
    71 | D        | Learned a level 8 spell: Lehudib's Crystal Spear
    71 | D        | Noticed a dread
    71 | D        | Killed a dread
    72 | D        | Reached XP level 26. HP: 221/221 MP: 0/0
    72 | D        | Noticed a dread
    72 | D        | Noticed a tyrant
    72 | D        | Noticed a large bag of meat
    73 | D        | Killed a large bag of meat
    74 | D        | Killed a tyrant
    74 | D        | Noticed a meat beast
    74 | D        | Noticed a tyrant
    75 | D        | Reached XP level 27. HP: 199/228 MP: 0/0
    75 | D        | Learned a level 9 spell: Chain Lightning
    77 | D        | Noticed a destroyer
    77 | D        | Killed a dread
    78 | D        | Reached skill level 27 in Shields
    78 | D        | Reached skill level 27 in Unarmed Combat
    78 | D        | Reached skill level 27 in Evocations
    78 | D        | Noticed a meat beast
    79 | D        | Killed a meat beast
    79 | D        | Noticed an accursed
    80 | D        | Noticed a meat beast
    81 | D        | Killed a destroyer
    81 | D        | Killed an accursed
    81 | D        | Noticed an accursed
    82 | D        | Reached skill level 27 in Short Blades
    82 | D        | Reached skill level 27 in Long Blades
    82 | D        | Reached skill level 27 in Staves
    82 | D        | Reached skill level 27 in Stealth
    82 | D        | Killed an accursed
    82 | D        | Killed a tyrant
    82 | D        | Noticed a large bag of meat
    82 | D        | Noticed a meat beast
    82 | D        | Noticed a large bag of meat
    82 | D        | Noticed a destroyer
    82 | D        | Noticed a dread
    83 | D        | Reached skill level 27 in Maces & Flails
    83 | D        | Reached skill level 27 in Polearms
    83 | D        | Reached skill level 27 in Ranged Weapons
    83 | D        | Reached skill level 27 in Throwing
    83 | D        | Killed a meat beast
    84 | D        | Killed a meat beast
    84 | D        | Noticed a large bag of meat
    85 | D        | Noticed an accursed
    86 | D        | Killed a meat beast
    86 | D        | Noticed a destroyer
    86 | D        | Noticed a meat beast
    87 | D        | Noticed a destroyer
    88 | D        | Killed a destroyer
    88 | D        | Noticed The Captor
    88 | D        | Noticed a large bag of meat
    88 | D        | Killed a large bag of meat
    89 | D        | Noticed a destroyer
    89 | D        | Noticed a destroyer
    89 | D        | Noticed a destroyer
    89 | D        | Noticed a destroyer
    90 | D        | Noticed a destroyer
    91 | D        | Killed a destroyer
    92 | D        | Killed a destroyer
    92 | D        | Killed a large bag of meat
    92 | D        | Killed a large bag of meat
    93 | D        | Killed a destroyer
    93 | D        | Killed a destroyer
    93 | D        | Noticed a tyrant
    93 | D        | Noticed an accursed
    94 | D        | Killed a large bag of meat
    94 | D        | Noticed a meat beast
    96 | D        | Killed a meat beast
    96 | D        | Noticed The Defiler
    97 | D        | Killed a meat beast
    98 | D        | Killed a destroyer
    98 | D        | Killed a large bag of meat
    98 | D        | Noticed a destroyer
    98 | D        | Noticed a destroyer
    99 | D        | Killed a destroyer
    99 | D        | Noticed a destroyer
   100 | D        | Killed The Defiler
   100 | D        | Noticed a tyrant
   101 | D        | Killed a meat beast
   103 | D        | Killed a tyrant
   103 | D        | Killed a dread
   103 | D        | Killed a destroyer
   104 | D        | Killed a tyrant
   104 | D        | Noticed a dread
   105 | D        | Killed an accursed
   105 | D        | Noticed a tyrant
   105 | D        | Noticed a dread
   106 | D        | Noticed an accursed
   109 | D        | HP: 9/228 [dread/damnation (40)]
   109 | D        | Noticed a dread
   110 | D        | Killed a dread
   110 | D        | Killed an accursed
   110 | D        | Noticed a meat beast
   111 | D        | Killed a dread
   111 | D        | Killed a dread
   112 | D        | Killed a tyrant
   112 | D        | Noticed a large bag of meat
   113 | D        | Killed a destroyer
   113 | D        | Killed a meat beast
   113 | D        | Killed a large bag of meat
   114 | D        | Noticed a meat beast
   115 | D        | Killed a meat beast
   117 | D        | Killed a destroyer
   119 | D        | Noticed a meat beast
   119 | D        | Noticed a fleshlord
   120 | D        | Killed a fleshlord
   120 | D        | Killed a meat beast
   121 | D        | Noticed a dread
   121 | D        | Noticed a large bag of meat
   121 | D        | Noticed a large bag of meat
   122 | D        | Killed a dread
   122 | D        | Killed a large bag of meat
   122 | D        | Killed a large bag of meat
   123 | D        | Noticed a destroyer
   124 | D        | Killed a destroyer
   125 | D        | Noticed a fleshlord
   126 | D        | Killed a fleshlord
   126 | D        | Noticed a fleshlord
   126 | D        | Noticed an accursed
   127 | D        | Killed an accursed
   127 | D        | Killed a fleshlord
   127 | D        | Noticed a meat beast
   129 | D        | Killed a meat beast
   129 | D        | Noticed a fleshlord
   130 | D        | Killed a fleshlord
   131 | D        | Noticed a meat beast
   132 | D        | Noticed a fleshlord
   132 | D        | Killed a fleshlord
   133 | D        | Noticed a fleshlord
   133 | D        | Noticed a fleshlord
   133 | D        | Noticed a destroyer
   134 | D        | Killed a meat beast
   134 | D        | Noticed an accursed
   135 | D        | Killed a fleshlord
   135 | D        | Killed an accursed
   135 | D        | Noticed a destroyer
   136 | D        | Killed a fleshlord
   136 | D        | Noticed an accursed
   137 | D        | Killed a destroyer
   137 | D        | Killed a destroyer
   137 | D        | Noticed a dread
   138 | D        | Noticed a fleshlord
   139 | D        | Noticed a fleshlord
   139 | D        | Killed a fleshlord
   140 | D        | Killed an accursed
   140 | D        | Noticed a large bag of meat
   140 | D        | Noticed a fleshlord
   141 | D        | Killed a large bag of meat
   141 | D        | Killed a fleshlord
   141 | D        | Killed a fleshlord
   141 | D        | Killed The Captor
   141 | D        | Noticed a dread
   142 | D        | Noticed The Meatlord
   142 | D        | Noticed The Servant
   143 | D        | Killed a dread
   143 | D        | Killed The Meatlord
   143 | D        | Killed a dread
   143 | D        | Noticed an accursed
   144 | D        | Noticed a fleshlord
   144 | D        | Got the Orb of Zot
   144 | D        | Noticed a meat beast
   144 | D        | Noticed a tyrant
   144 | D        | Noticed a dread
   146 | D        | Noticed a large bag of meat
   146 | D        | Noticed a dread
   146 | D        | Noticed a fleshlord
   146 | D        | Noticed a fleshlord
   147 | D        | Killed a fleshlord
   147 | D        | Killed a dread
   147 | D        | Noticed a meat beast
   147 | D        | Noticed a fleshlord
   147 | D        | Noticed a tyrant
   148 | D        | Killed a fleshlord
   148 | D        | Killed a meat beast
   148 | D        | Noticed a meat beast
   148 | D        | Noticed a meat beast
   148 | D        | Noticed a dread
   148 | D        | Noticed a large bag of meat
   148 | D        | Noticed a fleshlord
   148 | D        | Noticed a meat beast
   149 | D        | Killed an accursed
   149 | D        | Noticed a dread
   149 | D        | Noticed a destroyer
   150 | D        | Noticed a fleshlord
   150 | D        | Noticed a fleshlord
   150 | D        | Noticed a fleshlord
   150 | D        | Noticed a dread
   151 | D        | Noticed a fleshlord
   151 | D        | Killed a dread
   151 | D        | Killed a fleshlord
   151 | D        | Killed a meat beast
   151 | D        | Noticed a destroyer
   151 | D        | Noticed a fleshlord
   151 | D        | Noticed a fleshlord
   151 | D        | Noticed a tyrant
   152 | D        | Killed The Servant
   152 | D        | Killed a large bag of meat
   153 | D        | Killed a meat beast
   153 | D        | Killed a meat beast
   153 | D        | Killed a dread
   154 | D        | Killed a meat beast
   154 | D        | Killed a fleshlord
   154 | D        | Killed a destroyer
   154 | D        | Killed a fleshlord
   155 | D        | Noticed a fleshlord
   155 | D        | Killed a fleshlord
   155 | D        | Annihilated by a destroyer

Illustrated notes

Levels and vault maps discovered:
D:        meatsprint

Skill      XL: |  1  2  3  4  5  6  7  8  9 10 11 12 13 14 15 16 17 18 19 20 21 22 23 24 25 26 27 |
---------------+----------------------------------------------------------------------------------+-----
Fighting       | 12 13 15 17 19 20 23 26 27 | 27.0
Axes           | 10 11 13 14 16 17 19 22 24 27 | 27.0
Armour         | 12 13 15 17 18 20 23 26 27 | 27.0
Dodging        | 13 14 16 18 20 22 24 27 | 27.0
Spellcasting   | 10 11 12 13 15 16 18 20 22 27 | 27.0
Invocations    | 12 13 15 17 18 20 23 25 27 | 27.0
Short Blades   | 2 9 13 16 20 21 23 27 | 27.0
Long Blades    | 2 9 13 16 20 21 23 27 | 27.0
Maces & Flails | 2 8 12 14 18 19 21 27 | 27.0
Polearms       | 2 8 12 14 18 19 21 27 | 27.0
Staves         | 2 9 13 16 20 21 23 27 | 27.0
Ranged Weapons | 2 8 12 14 18 19 21 27 | 27.0
Throwing       | 2 8 12 14 18 19 21 27 | 27.0
Stealth        | 2 9 13 16 20 21 23 27 | 27.0
Shields        | 3 10 14 17 22 23 25 27 | 27.0
Unarmed Combat | 3 10 14 17 22 23 25 27 | 27.0
Evocations     | 3 10 14 17 22 23 25 27 | 27.0

Action                     |  1- 3 |  4- 6 |  7- 9 | 10-12 | 13-15 | 16-18 | 19-21 | 22-24 | 25-27 || total
---------------------------+-------+-------+-------+-------+-------+-------+-------+-------+-------++-------
  Melee: Executioner's axe |     1 |       |       |     1 |     5 |    11 |    11 |    18 |   186 ||   233
   Cast: Manifold Assault  |       |       |       |       |     1 |     5 |     6 |     5 |    42 ||    59
         Olgreb's Toxic Ra |       |       |       |       |       |     1 |       |       |       ||     1
         Conjure Ball Ligh |       |       |       |       |       |       |     1 |       |       ||     1
         Frozen Ramparts   |       |       |       |       |       |       |     1 |       |       ||     1
         Malign Gateway    |       |       |       |       |       |       |       |     1 |     5 ||     6
         Vhi's Electric Ch |       |       |       |       |       |       |       |       |     3 ||     3
         Ozocubu's Refrige |       |       |       |       |       |       |       |       |     1 ||     1
   Stab: Distracted        |       |       |       |       |       |       |       |     1 |       ||     1
 Armour: Leather armour    |       |       |       |       |       |       |       |       |    11 ||    11
  Dodge: Dodged            |       |       |       |       |       |       |       |       |    34 ||    34
